AoeStats
← 布丁

Socotra

505425044Analyzed
4v4 RM · 23d ago on Sep 9, 2026· 57m 46s· 8 players
Game mode
Random Map
Map size
148×148
Population
200
Speed
Normal
Resources
Standard
Victory
Conquest
Starting age
Dark Age
Ending age
Imperial Age
RankedLock teamsTeams togetherTeam positionsShared explorationLock speedFull tech treeHidden civsTurbo modeCheats
Victory
Defeat
🇹🇷 Goths · Türkiye
827
+14
🇦🇺 Magyars · Australia
826
+14
🇨🇾 Byzantines · Cyprus
772
+16
🇨🇭 Italians · Switzerland
747
+17
🇯🇵 Slavs · Japan
833
-17
🇨🇳 Celts · China
788
-16
🇹🇼 Goths · Taiwan
786
-34
🇨🇳 Burgundians · China
697
-12
布丁
1:11 Loom
12:50 Feudal Age
15:04 Wheelbarrow
19:48 Castle Age
18:50 Double-Bit Axe
20:47 Horse Collar
21:10 Gold Mining
22:20 Pikeman
36:35 Heavy Plow
37:32 Hand Cart
38:48 Squires
44:14 Imperial Age
42:32 Scale Mail Armor
42:43 Forging
43:52 Town Watch
44:29 Halberdier
48:54 Chain Mail Armor
49:15 Iron Casting
LlL
12:38 Feudal Age
16:35 Castle Age
14:41 Double-Bit Axe
17:38 Horse Collar
18:58 Bow Saw
19:22 Heavy Plow
20:00 Wheelbarrow
19:24 Loom
23:45 Hand Cart
25:49 Gold Mining
29:08 Imperial Age
27:51 Pikeman
28:48 Forging
28:39 Scale Mail Armor
30:11 Halberdier
31:45 Capped Ram
35:39 Conscription
36:03 Iron Casting
35:44 Chain Mail Armor
37:53 Furor Celtica
40:52 Gold Shaft Mining
40:07 Stone Mining
39:48 Siege Ram
42:16 Blast Furnace
42:48 Stronghold
45:11 Town Watch
55:33 Plate Mail Armor
55:55 Padded Archer Armor
55:45 Fletching
55:41 Treadmill Crane
56:22 Ballistics
55:31 Elite Skirmisher
teban0721
3:37 Loom
11:47 Feudal Age
12:08 Man-at-Arms
12:49 Double-Bit Axe
15:32 Fletching
16:38 Padded Archer Armor
21:36 Town Watch
23:02 Wheelbarrow
23:23 Scale Barding Armor
23:23 Gold Mining
23:14 Horse Collar
27:43 Castle Age
27:23 Stone Mining
28:25 Bloodlines
28:26 Forging
28:11 Crossbowman
28:48 Bodkin Arrow
29:11 Bow Saw
31:56 Hand Cart
含昱
0:37 Loom
0:43 Loom
13:52 Feudal Age
14:46 Wheelbarrow
18:23 Double-Bit Axe
23:11 Castle Age
21:41 Gold Mining
21:44 Stone Mining
23:11 Hand Cart
22:41 Town Watch
26:15 Squires
25:35 Pikeman
30:00 Bow Saw
34:59 Imperial Age
37:12 Gold Shaft Mining
37:17 Stone Shaft Mining
38:35 Burgundian Vineyards
39:31 Cavalier
41:20 Halberdier
41:30 Paladin
42:11 Husbandry
43:42 Horse Collar
45:08 Two-Man Saw
50:50 Caravan
duro-dur8
1:01 Loom
11:21 Feudal Age
14:46 Wheelbarrow
13:59 Town Watch
16:29 Double-Bit Axe
16:27 Horse Collar
26:41 Castle Age
26:53 Forging
26:59 Scale Barding Armor
27:44 Bow Saw
27:42 Heavy Plow
29:04 Iron Casting
28:50 Chain Barding Armor
28:06 Light Cavalry
29:46 Husbandry
30:02 Bloodlines
29:53 Gold Mining
33:01 Fletching
38:37 Imperial Age
39:51 Hussar
41:11 Plate Barding Armor
41:38 Blast Furnace
zivrisinek
0:35 Loom
16:01 Feudal Age
16:42 Town Watch
17:33 Wheelbarrow
17:43 Bloodlines
18:53 Man-at-Arms
27:17 Castle Age
27:13 Forging
27:04 Scale Mail Armor
28:09 Town Patrol
28:29 Double-Bit Axe
28:28 Horse Collar
29:31 Fletching
36:13 Hand Cart
42:49 Imperial Age
40:42 Squires
41:24 Iron Casting
41:41 Anarchy
43:04 Murder Holes
44:47 Ballistics
44:48 Masonry
45:19 Conscription
47:21 Heavy Plow
47:34 Bow Saw
47:38 Pikeman
48:49 Halberdier
51:39 Two-Man Saw
51:15 Crop Rotation
52:16 Elite Huskarl
57:03 Blast Furnace
56:19 Chain Mail Armor
56:00 Bodkin Arrow
56:06 Padded Archer Armor
koukakisvasilis1
0:31 Loom
11:48 Feudal Age
12:32 Horse Collar
13:34 Double-Bit Axe
15:46 Gold Mining
22:01 Castle Age
20:56 Stone Mining
21:43 Wheelbarrow
21:54 Forging
21:35 Fletching
23:24 Bow Saw
25:31 Heavy Plow
28:54 Scale Mail Armor
33:44 Imperial Age
31:32 Hand Cart
31:38 Scale Barding Armor
32:55 Gold Shaft Mining
35:42 Chain Barding Armor
37:48 Stone Shaft Mining
38:02 Chain Mail Armor
38:57 Plate Barding Armor
39:19 Crossbowman
40:33 Plate Mail Armor
40:05 Padded Archer Armor
39:56 Fletching
40:41 Iron Casting
41:28 Crop Rotation
41:02 Arbalester
41:47 Thumb Ring
43:25 Two-Man Saw
42:44 Leather Archer Armor
45:31 Bodkin Arrow
46:30 Coinage
46:00 Caravan
46:06 Caravan
46:16 Guilds
46:22 Bracer
49:14 Chemistry
49:23 Ring Archer Armor
53:33 Banking
gibbo13322
2:31 Loom
12:44 Feudal Age
13:28 Double-Bit Axe
13:39 Horse Collar
15:05 Man-at-Arms
17:43 Wheelbarrow
18:33 Fletching
24:12 Castle Age
22:57 Gold Mining
24:19 Bloodlines
24:32 Elite Skirmisher
25:41 Thumb Ring
25:33 Bodkin Arrow
25:39 Padded Archer Armor
27:50 Hand Cart
29:02 Pikeman
39:02 Imperial Age
37:12 Gold Shaft Mining
37:14 Bow Saw
37:42 Corvinian Army
37:33 Long Swordsman
38:50 Ballistics
42:09 Chemistry
41:15 Siege Engineers
41:57 Parthian Tactics
40:53 Heavy Cavalry Archer
41:41 Recurve Bow
42:23 Heavy Plow
42:26 Capped Ram
44:25 Two-Handed Swordsman
46:05 Halberdier
47:12 Elite Magyar Huszar
48:15 Conscription
54:33 Leather Archer Armor
Connection lost

Rejoining the realm…

Still unreachable

The connection could not be restored.

Session expired

The server has moved on; the page needs a fresh start.